 Dungeon Crawl Stone Soup version 0.30-a0-223-gcb0039aa0c (webtiles) character file.

Game seed: 4687339204680543341

766 qw the Cleaver (level 7, -7/44 HPs)
             Began as a Gargoyle Fighter on Oct 9, 2022.
             Mangled by Prince Ribbit (13 damage)
             ... on level 5 of the Dungeon.
             The game lasted 00:01:48 (3774 turns).

qw the Cleaver (Gargoyle Fighter)                   Turns: 3774, Time: 00:01:49

Health: -7/44      AC: 16    Str: 21    XL:     7   Next: 82%
Magic:  7/7        EV:  7    Int:  9    God:
Gold:   245        SH:  4    Dex:  9    Spells: 6/6 levels left

rFire   . . .      SeeInvis +    Y - +0 war axe
rCold   + . .      Faith    .    c - +0 buckler
rNeg    + . .      Spirit   .    h - +0 chain mail
rPois   inf        Reflect  .    (no helmet)
rElec   +          Harm     .    (no cloak)
rCorr   .          Rampage  .    f - +0 pair of gloves
Will    .....                    e - +0 pair of boots
Stlth   ..........               (no amulet)
HPRegen 0.27/turn                b - ring of see invisible
MPRegen 0.10/turn                n - +4 ring of slaying {mikee}

@: about to teleport
A: sickness immunity, AC +4, negative energy resistance 1, electricity
resistance, torment resistance 1, petrification resistance, cold resistance 1,
deterioration 1
a: no special abilities


You were on level 5 of the Dungeon.
You visited 1 branch of the dungeon, and saw 5 of its levels.

You collected 245 gold pieces.


Innate Abilities, Weirdness & Mutations

You are immune to sickness and miasma.
Your stone body is resilient. (AC +4)
You are immune to poison.
You resist negative energy. (rN+)
You are resistant to electric shocks. (rElec)
You are resistant to unholy torment.
You are immune to petrification.
Your flesh is cold resistant. (rC+)
Your body sometimes deteriorates upon taking damage.


   Skills:
 - Level 4.6 Fighting
 - Level 12.6 Axes
 - Level 3.2 Armour
 + Level 0.6 Dodging
 - Level 3.2 Shields


You had 6 spell levels left.
You didn't know any spells.
Your spell library was empty.

Inventory:

Hand Weapons
 j - a +0 flail
 Y - a +0 war axe (weapon)
Armour
 c - a +0 buckler (worn)
 e - a +0 pair of boots (worn)
 f - a +0 pair of gloves (worn)
 h - a +0 chain mail (worn)
Jewellery
 b - a ring of see invisible (left hand)
 n - a +4 ring of slaying (right hand) {mikee}
Scrolls
 g - 2 scrolls of identify
 l - a scroll of teleportation
Potions
 a - 4 potions of curing
 d - a potion of might
 k - 2 potions of mutation

Dungeon Overview and Level Annotations

Branches:
Dungeon (5/15)
 Temple: D:4-7

Altars:
Ashenzari
Makhleb
Zin

Annotations:
D:5 Prince Ribbit


Message History

You slash the orc!
You kill the orc!
You miss Prince Ribbit.
Prince Ribbit hits you but does no damage.
Prince Ribbit hits you!
You barely miss Prince Ribbit.
Prince Ribbit is heavily wounded.
Prince Ribbit hits you but does no damage.
You closely miss Prince Ribbit.
Prince Ribbit is moderately wounded.
Prince Ribbit hits you! The adder barely misses you.
You barely miss Prince Ribbit.
Prince Ribbit is moderately wounded.
You closely miss the adder. Prince Ribbit barely misses you.
The adder bites you but does no damage.
You closely miss Prince Ribbit.
Prince Ribbit is moderately wounded.
You miss the adder.
Prince Ribbit blinks!
The adder bites you but does no damage.
You hit the adder.
The adder is severely wounded.
The adder bites you but does no damage.
You slash the adder!
You kill the adder!
Prince Ribbit winks and puckers his lips.
Prince Ribbit blinks!
Prince Ribbit hops awkwardly around.
Prince Ribbit blinks!
You block Prince Ribbit's attack.
You miss Prince Ribbit.
Prince Ribbit is moderately wounded.
Prince Ribbit hits you.
3773 ||| READING 2 scrolls of teleportation.
As you read the scroll of teleportation, it crumbles to dust.
You feel strangely unstable. Prince Ribbit hits you.
You slash Prince Ribbit!
Prince Ribbit is heavily wounded.
Prince Ribbit hits you!
You die...

.......#
##.......
#.......#
)#.......#
.>.......#
#......#
#...)))#+###
#.@F....#
#.......#
#.......#
#.......####
#..........#
##.###'###.#
##.#.....#.##
#..#.....#..#
#..#.._..#..#


You could see Prince Ribbit.

Vanquished Creatures
  An ogre (D:4)
  A hound (D:4)
  Terence (D:3)
  Natasha (thrice) (D:4)
  3 gnolls (D:3)
  3 adders
  An ufetubus (D:5)
  2 worms (D:2)
  3 dart slugs
  7 orcs
  16 ball pythons
  9 endoplasms
  6 giant cockroaches
  10 goblins
  9 hobgoblins
  4 jackals
  11 kobolds
  6 quokkas
  6 bats
  4 frilled lizards
  10 rats
116 creatures vanquished.

Vanquished Creatures (others)
  5 fungi (D:3)
5 creatures vanquished.

Grand Total: 121 creatures vanquished

Notes
Turn   | Place    | Note
-------+----------+-------------------------------------------
     0 | D:1      | qw the Gargoyle Fighter began the quest for the Orb.
     0 | D:1      | Reached XP level 1. HP: 14/14 MP: 1/1
     0 | D:1      | 0 ||| qw: Version: 0.2-a-17-g06abaee
     0 | D:1      | 0 ||| qw: Game counter: 2180
     0 | D:1      | 0 ||| qw: Always use a shield: true
     0 | D:1      | 0 ||| qw: God list: Okawaru
     0 | D:1      | 0 ||| qw: Allow faded altars: false
     0 | D:1      | 0 ||| qw: Do Orc after D:15 true
     0 | D:1      | 0 ||| qw: Do second Lair branch before Depths: true
     0 | D:1      | 0 ||| qw: Lair rune preference: random
     0 | D:1      | 0 ||| qw: Plans: Normal, Zot:1-4, God:TSO, Crypt, Tomb,
                  | Pan, Slime:5, Hells, Abyss, Orb
     0 | D:1      | 0 ||| PLANNING D:1-11
    74 | D:1      | Reached skill level 2 in Axes
   141 | D:1      | Reached XP level 2. HP: 19/19 MP: 2/2
   150 | D:1      | 150 ||| Stepping ~*~*~tactically~*~*~ (hiding).
   269 | D:1      | Reached skill level 3 in Axes
   294 | D:1      | 294 ||| Stepping ~*~*~tactically~*~*~ (hiding).
   297 | D:1      | 297 ||| Stepping ~*~*~tactically~*~*~ (stealth).
   300 | D:1      | Reached XP level 3. HP: 23/23 MP: 3/3
   532 | D:1      | 532 ||| DROPPING +0 club.
   544 | D:1      | Found a faded altar of an unknown god.
   612 | D:1      | 612 ||| Stepping ~*~*~tactically~*~*~ (stealth).
   650 | D:1      | 650 ||| READING scroll labelled GYQEKH FOET.
   651 | D:1      | 651 ||| READING 2 scrolls labelled PIZUXEY DUOCK.
   652 | D:1      | 652 ||| READING 2 scrolls labelled ATREZA DEOJU.
   653 | D:1      | 653 ||| READING scroll labelled PIF SOUFASUWN.
   754 | D:1      | 754 ||| READING 4 scrolls labelled QYOHIPI OVOHU.
   755 | D:1      | 755 ||| DRINKING 2 bubbling ruby potions.
   756 | D:1      | 756 ||| DROPPING scroll of fog.
   757 | D:1      | 757 ||| DROPPING scroll of amnesia.
   758 | D:1      | 758 ||| DROPPING potion of degeneration.
   759 | D:1      | 759 ||| DROPPING 3 scrolls of poison.
   793 | D:2      | 793 ||| STAIRDANCE
   802 | D:2      | 802 ||| STAIRDANCE
  1267 | D:2      | Reached XP level 4. HP: 27/28 MP: 4/4
  1315 | D:2      | Reached skill level 4 in Axes
  1342 | D:2      | 1342 ||| STAIRDANCE
  1345 | D:1      | 1345 ||| UPGRADING to +0 pair of boots.
  1350 | D:1      | 1350 ||| UPGRADING to +0 pair of gloves.
  1355 | D:1      | 1355 ||| READING scroll labelled ENTEETS QUTE.
  1359 | D:2      | 1359 ||| STAIRDANCE
  1417 | D:2      | 1417 ||| Stepping ~*~*~tactically~*~*~ (stealth).
  1421 | D:2      | 1421 ||| Stepping ~*~*~tactically~*~*~ (stealth).
  1422 | D:2      | 1422 ||| Stepping ~*~*~tactically~*~*~ (stealth).
  1612 | D:2      | 1612 ||| Stepping ~*~*~tactically~*~*~ (stealth).
  1613 | D:2      | 1613 ||| Stepping ~*~*~tactically~*~*~ (stealth).
  1614 | D:2      | 1614 ||| Stepping ~*~*~tactically~*~*~ (stealth).
  1626 | D:2      | 1626 ||| FLEEEEING.
  1627 | D:2      | 1627 ||| FLEEEEING.
  1628 | D:2      | 1628 ||| FLEEEEING.
  1629 | D:2      | 1629 ||| FLEEEEING.
  1630 | D:2      | 1630 ||| FLEEEEING.
  1637 | D:2      | 1637 ||| FLEEEEING.
  1695 | D:2      | 1695 ||| Stepping ~*~*~tactically~*~*~ (stealth).
  1697 | D:2      | 1697 ||| Stepping ~*~*~tactically~*~*~ (stealth).
  1941 | D:2      | 1941 ||| Stepping ~*~*~tactically~*~*~ (stealth).
  1967 | D:2      | 1967 ||| UPGRADING to +0 chain mail.
  1977 | D:2      | 1977 ||| DROPPING +0 scale mail.
  1978 | D:2      | 1978 ||| DRINKING 3 white potions.
  2281 | D:3      | Found a burning altar of Makhleb.
  2287 | D:3      | Found a glowing silver altar of Zin.
  2287 | D:3      | Noticed an angel
  2287 | D:3      | Noticed a balrug
  2355 | D:3      | 2355 ||| Stepping ~*~*~tactically~*~*~ (hiding).
  2357 | D:3      | 2357 ||| Stepping ~*~*~tactically~*~*~ (hiding).
  2358 | D:3      | 2358 ||| Stepping ~*~*~tactically~*~*~ (stealth).
  2364 | D:3      | Reached XP level 5. HP: 31/32 MP: 5/5
  2396 | D:3      | 2396 ||| DROPPING +0 whip.
  2553 | D:3      | 2553 ||| Stepping ~*~*~tactically~*~*~ (stealth).
  2608 | D:3      | Noticed Terence
  2621 | D:3      | Killed Terence
  2622 | D:3      | Reached skill level 5 in Axes
  2642 | D:3      | 2642 ||| Stepping ~*~*~tactically~*~*~ (stealth).
  2643 | D:3      | 2643 ||| Stepping ~*~*~tactically~*~*~ (stealth).
  2884 | D:3      | 2884 ||| UPGRADING to ring of see invisible.
  2885 | D:3      | 2885 ||| UPGRADING to +4 ring of slaying {mikee}.
  2886 | D:3      | 2886 ||| READING scroll labelled XACWERCHOUW.
  2887 | D:3      | 2887 ||| READING scroll labelled GIRYAN HAOSCH.
  2892 | D:3      | 2892 ||| DRINKING 3 sapphire potions.
  2892 | D:3      | Gained mutation: Your body sometimes deteriorates upon
                  | taking damage. [potion of mutation]
  2892 | D:3      | Gained mutation: Your flesh is cold resistant. (rC+)
                  | [potion of mutation]
  2893 | D:3      | 2893 ||| READING 2 scrolls of identify.
  2893 | D:3      | 2893 ||| IDENTIFYING bubbling inky potion
  2894 | D:3      | 2894 ||| DROPPING potion of flight.
  3128 | D:4      | Noticed an ogre
  3134 | D:4      | HP: 4/32 [ogre/+0 giant club (15)]
  3135 | D:4      | 3135 ||| READING 2 scrolls of teleportation.
  3136 | D:4      | Killed an ogre
  3137 | D:4      | Reached XP level 6. HP: 6/39 MP: 6/6
  3338 | D:4      | Noticed Natasha
  3340 | D:4      | Killed Natasha
  3445 | D:4      | Noticed Natasha
  3446 | D:4      | 3446 ||| Stepping ~*~*~tactically~*~*~ (stealth).
  3451 | D:4      | Killed Natasha
  3585 | D:4      | 3585 ||| READING 3 scrolls of identify.
  3585 | D:4      | 3585 ||| IDENTIFYING viscous grey potion
  3586 | D:4      | 3586 ||| DRINKING potion of experience.
  3586 | D:4      | Reached skill level 12 in Axes
  3586 | D:4      | Reached XP level 7. HP: 44/44 MP: 7/7
  3587 | D:4      | 3587 ||| READING 2 scrolls of identify.
  3587 | D:4      | 3587 ||| IDENTIFYING fuming purple potion
  3588 | D:4      | 3588 ||| DROPPING potion of magic.
  3623 | D:4      | Noticed Natasha
  3628 | D:4      | Killed Natasha
  3643 | D:5      | Entered Level 5 of the Dungeon
  3686 | D:5      | Found a broken altar of Ashenzari.
  3700 | D:5      | 3700 ||| Stepping randomly (stuck).
  3701 | D:5      | 3701 ||| Stepping randomly (stuck).
  3746 | D:5      | Noticed Prince Ribbit
  3772 | D:5      | HP: 11/44 [Prince Ribbit (5)]
  3773 | D:5      | 3773 ||| READING 2 scrolls of teleportation.
  3774 | D:5      | Mangled by Prince Ribbit

Levels and vault maps discovered:
D:1:      dpeg_arrival_snail, layout_rooms, hellmonk_ecumenical_altar_zigzags,
          minmay_octomino_j4
D:2:      minmay_recursive_quarters, layout_basic, roderic_lattice_a,
          st_stairs_9, minmay_circle_x
D:3:      layout_loops_ring, grunt_temple_overflow_order_and_chaos_2,
          serial_rivers, chequers_serial_rivers_micro_c,
          chequers_serial_rivers_marsh, chequers_serial_rivers_micro_b,
          chequers_serial_rivers_micro_a, chequers_serial_rivers_small_b,
          chequers_serial_rivers_room_b, dreamdust_mushroom_princess,
          uniq_terence
D:4:      layout_loops_ring, uniq_natasha
D:5:      layout_basic, nicolae_uskayaw_en_pointe, amcnicky_altar_gilded,
          uniq_eustachio, uniq_prince_ribbit1

Skill      XL: |  1  2  3  4  5  6 |
---------------+-------------------+-----
Axes           | 2 3 4 5 12 | 12.6
Fighting       | 4 |  4.6
Armour         | |  3.2
Dodging        | |  0.6
Shields        | |  3.2

Action                   |  1- 3 |  4- 6 |  7- 9 || total
-------------------------+-------+-------+-------++-------
Melee: War axe           |   114 |   183 |    25 ||   322
  Use: Scroll            |     5 |     6 |     2 ||    13
       Potion            |     1 |     3 |       ||     4
Armor: Scale mail        |    53 |    25 |       ||    78
       Chain mail        |       |    70 |    15 ||    85
Dodge: Dodged            |    63 |    57 |     5 ||   125
Block: Buckler           |    21 |    32 |     2 ||    55

Table legend:
 A = Non-vault XP
 B = Vault XP
 C = Vault XP percentage of total XP
 D = Non-vault monster count
 E = Vault monster count
 F = Vault count percentage of total count
                 A         B        C        D         E       F
            +---------+---------+-------+---------+---------+-------
      Total |     485 |     112 |  18.8 |      94 |      22 |  19.0
            +---------+---------+-------+---------+---------+-------
        D:1 |      49 |       6 |  10.9 |      27 |       3 |  10.0
        D:2 |      59 |      31 |  34.4 |      25 |      17 |  40.5
        D:3 |      82 |      38 |  31.7 |      20 |       1 |   4.8
        D:4 |     262 |      37 |  12.4 |      16 |       1 |   5.9
        D:5 |      33 |       0 |   0.0 |       6 |       0 |   0.0
            +---------+---------+-------+---------+---------+-------
